 Dungeon Crawl Stone Soup version 0.18.1-1-g2f07953 (webtiles) character file.

279 Sixotanaka the Slasher (level 6, -8/47 HPs)
             Began as a Human Fighter on May 22, 2016.
             Was a Follower of Okawaru.
             Killed from afar by Blork the orc (13 damage)
             ... with a puff of frost
             ... on level 4 of the Dungeon.
             The game lasted 00:08:44 (2932 turns).

Sixotanaka the Slasher (Human Fighter)              Turns: 2932, Time: 00:08:45

Health: -8/47      AC:  6    Str: 22    XL:     6   Next: 52%
Magic:  6/6        EV:  7    Int:  8    God:    Okawaru [*.....]
Gold:   132        SH:  9    Dex: 14    Spells: 0 memorised, 5 levels left

rFire  . . .     SeeInvis .     a - +0 long sword
rCold  . . .     Gourm    .     b - +0 scale mail
rNeg   + . .     Faith    .     c - +0 shield
rPois  .         Spirit   .     (no helmet)
rElec  .         Dismiss  .     (no cloak)
rCorr  .         Reflect  .     (no gloves)
SustAt .         Harm     .     (no boots)
MR     .....                    (no amulet)
Stlth  ..........               (no ring)
                                m - ring of positive energy

@: mighty, flying, not resistant to hostile enchantments, extremely unstealthy
A: no striking features
a: Heroism, Renounce Religion


You were on level 4 of the Dungeon.
You worshipped Okawaru.
Okawaru was aware of your devotion.
You were hungry.

You visited 1 branch of the dungeon, and saw 4 of its levels.

You collected 132 gold pieces.


   Skills:
 - Level 3.0 Fighting
 + Level 6.4 Long Blades
 - Level 3.0 Armour
 - Level 3.0 Shields


You had 5 spell levels left.
You didn't know any spells.

Dungeon Overview and Level Annotations

Branches:
Dungeon (4/15)
 Temple: D:4-7

Altars:
Ashenzari
Cheibriados
Fedhas
Okawaru
Trog

Annotations:
D:4 Blork the orc

Inventory:

Hand Weapons
 a - a +0 long sword (weapon)
Armour
 b - a +0 scale mail (worn)
 c - a +0 shield (worn)
Jewellery
 m - a ring of positive energy (left hand)
Wands
 v - a wand of lightning (5/15)
Scrolls
 e - a scroll of random uselessness {unknown}
 i - 2 scrolls of amnesia
 j - 8 scrolls of remove curse {@r2}
 n - 2 scrolls of enchant armour
 p - a scroll of immolation {unknown}
 t - a scroll of teleportation {@r4}
 w - a scroll of fear
Potions
 h - a potion of flight
 o - a potion of cure mutation {unknown}
 q - a potion of agility {unknown}
 u - a potion of curing {unknown}
Books
 g - a book of Air
Comestibles
 f - 3 bread rations
 k - a beef jerky
 r - a slice of pizza

#..รท###.# #<........#
#....##.###.........#
#W...##..##.........#
#....###.##.........#
.>.....$...###.#..........#
.W..$.....................#
..........................#
.......#...####.#.........#
>.........## #@#.........#
.?....###.# #o#.........#
...... .# #Z##.......##
#.###.....## #......#
###### ...Z....# ........#
......... ....#)...


You could see Blork the orc and a giant frog skeleton.


Message History

You gain the combat prowess of a mighty hero.
You feel slightly more hungry.
You can no longer gain great but temporary skills.
You hit the phantom. You block the phantom's attack.
You hit the phantom but do no damage. The phantom hits you.
The phantom blinks!
You are feeling hungry.
You hit the phantom. You block the phantom's attack.
You closely miss the phantom. The phantom hits you.
You miss the phantom.
The phantom blinks!
You hit the phantom.
You feel like a meek peon again.
The phantom blinks!
The phantom barely misses you.
You hit the phantom. You block the phantom's attack.
Your shield and scale mail prevent you from hitting the phantom.
The phantom closely misses you.
You barely miss the phantom. The phantom closely misses you.
You barely miss the phantom. You block the phantom's attack.
The phantom hits you but does no damage.
You closely miss the phantom. The phantom closely misses you.
You slash the phantom! The phantom hits you.
* * * LOW HITPOINT WARNING * * *
The phantom blinks!
Drink which item? (? for menu, Esc to quit)
Okay, then.
The phantom blinks!
You hear the rusting of a very distant drain.
Okay, then.
You slash the phantom!
The phantom blinks!
The phantom blinks!
The phantom hits you!
* * * LOW HITPOINT WARNING * * *
All of the chunks of flesh in your inventory have rotted away.
You hit the phantom.
The phantom blinks!
The phantom blinks!
You slash the phantom!
You destroy the phantom!
Okawaru accepts your kill.
You can now gain great but temporary skills.
Your Long Blades skill increases to level 6!
Found a scroll of identify.
Blork the orc and a skeleton come into view.
Blork the orc shouts!
You hear a shout!
Blork the orc casts a spell.
Blork the orc seems to speed up.
Blork the orc miscasts a cantrip.
Drink which item? (? for menu, Esc to quit)
You feel very mighty all of a sudden.
Blork the orc gestures at you while chanting.
The puff of frost hits you!
* * * LOW HITPOINT WARNING * * *
Unknown command.
Blork the orc hits you with a scimitar!
* * * LOW HITPOINT WARNING * * *
You closely miss Blork the orc. Blork the orc barely misses you.
Blork the orc hits you with a scimitar.
* * * LOW HITPOINT WARNING * * *
Your shield and scale mail prevent you from hitting Blork the orc.
Blork the orc hits you but does no damage.
Unknown command.
You closely miss Blork the orc. Blork the orc hits you with a scimitar.
* * * LOW HITPOINT WARNING * * *
Blork the orc drinks a potion.
Blork the orc seems to grow stronger.
Drink which item? (? for menu, Esc to quit)
It was a potion of flight.
You feel very buoyant.
You fly up into the air.
Blork the orc casts a spell at you. The puff of frost hits you!
You die...

Action                   |  1- 3 |  4- 6 || total
-------------------------+-------+-------++-------
Melee: Long sword        |    70 |   120 ||   190
Invok: Heroism           |       |     1 ||     1
  Use: Scroll            |       |     5 ||     5
       Potion            |       |     2 ||     2
  Eat: Meat ration       |     1 |       ||     1
       Chunk             |       |     1 ||     1
Armor: Scale mail        |    32 |    32 ||    64
Dodge: Dodged            |    25 |    30 ||    55
Block: Shield            |    30 |    44 ||    74

Vault maps used:
D:1:      dpeg_arrival_pits
D:2:      cheibriados_altar_1, uniq_natasha
D:3:      nicolae_overflow_quartered_altars, first_bread
D:4:      grunt_temple_overflow_lords_of_destruction, minmay_temple_entry_fiery,
          gup_sewer_entry_pipe, uniq_blork_the_orc

Notes
Turn   | Place    | Note
--------------------------------------------------------------
     0 | D:1      | Sixotanaka the Human Fighter began the quest for the Orb.
     0 | D:1      | Reached XP level 1. HP: 18/18 MP: 1/1
   328 | D:1      | Reached XP level 2. HP: 24/24 MP: 2/2
   660 | D:1      | Reached skill level 3 in Long Blades
   749 | D:1      | You fall through a shaft!
   749 | D:2      | Found a snail-covered altar of Cheibriados.
   803 | D:2      | Noticed Natasha
   820 | D:2      | Killed Natasha
   820 | D:2      | Reached XP level 3. HP: 13/29 MP: 3/3
  1480 | D:2      | Reached XP level 4. HP: 35/35 MP: 4/4
  1536 | D:2      | Reached skill level 4 in Long Blades
  1876 | D:3      | Found a blossoming altar of Fedhas.
  1877 | D:3      | Found a shattered altar of Ashenzari.
  1877 | D:3      | Found an iron altar of Okawaru.
  1922 | D:3      | Found a bloodstained altar of Trog.
  1925 | D:3      | Became a worshipper of Warmaster Okawaru
  2192 | D:3      | Noticed a phantom
  2259 | D:3      | Killed a phantom
  2259 | D:3      | Reached skill level 5 in Long Blades
  2259 | D:3      | Reached XP level 5. HP: 12/41 MP: 5/5
  2621 | D:4      | Reached * piety under Okawaru
  2689 | D:4      | HP: 10/41 [adder (4)]
  2690 | D:4      | Reached XP level 6. HP: 11/47 MP: 6/6
  2694 | D:4      | HP: 8/47 [poisoned by an adder]
  2701 | D:4      | HP: 6/47 [poisoned by an adder]
  2708 | D:4      | HP: 5/47 [poisoned by an adder]
  2716 | D:4      | HP: 4/47 [poisoned by an adder]
  2863 | D:4      | Noticed a phantom
  2916 | D:4      | Killed a phantom
  2916 | D:4      | Reached skill level 6 in Long Blades
  2922 | D:4      | Noticed Blork the orc
  2928 | D:4      | HP: 9/47 [Blork the orc/scimitar (8)]
  2932 | D:4      | Killed from afar by Blork the orc

Vanquished Creatures
  2 phantoms
  Natasha (D:2)
  An iguana (D:4)
  An adder (D:4)
  A dart slug (D:3)
  A giant gecko (D:1)
  An orc (D:3)
  4 bats
  2 giant cockroaches
  4 goblins
  4 hobgoblins
  A quokka (D:3)
  4 giant newts
  8 kobolds
  8 rats
43 creatures vanquished.
